 Dungeon Crawl Stone Soup version 0.27.1-1-g398f81649c (webtiles) character file.

Game seed: 10783493604972595425

50 nxtlvl the Chopper (level 3, 0/31 HPs)
             Began as a Draconian Berserker on Sept 7, 2021.
             Was a Believer of Trog.
             Succumbed to an adder's poison
             ... in a sewer.
             The game lasted 00:02:55 (274 turns).

nxtlvl the Chopper (Draconian Berserker)             Turns: 274, Time: 00:02:55

Health: 0/31       AC:  5    Str: 19    XL:     3   Next: 55%
Magic:  3/3        EV: 12    Int:  7    God:    Trog [**....]
Gold:   25         SH:  0    Dex: 11    Spells: 2/2 levels left

rFire    . . .     SeeInvis .   a - +0 war axe
rCold    . . .     Faith    .   (no shield)
rNeg     . . .     Spirit   .   (armour unavailable)
rPois    .         Reflect  .   (helmet restricted)
rElec    .         Harm     .   (no cloak)
rCorr    .         Rampage  .   (no gloves)
Will     .....                  (no boots)
Stlth    +.........             (no amulet)
HPRegen  0.10/turn              (no ring)
MPRegen  0.08/turn              (no ring)

@: brilliant, lethally poisoned (0 -> -4), on berserk cooldown, attractive,
slowed, very slow
A: AC +5, unfitting armour, cold-blooded
a: Renounce Religion, Berserk, Trog's Hand


You were in a sewer.
You worshipped Trog.
Trog was pleased with you.
You visited 1 branch of the dungeon, and saw 3 of its levels.
You also visited: Sewer.

You collected 25 gold pieces.

Inventory:

Hand Weapons
 a - a +0 war axe (weapon)
 e - a +2 hunting sling of flaming
Scrolls
 d - a scroll of enchant armour {unknown}


   Skills:
 - Level 3.2 Fighting
 * Level 4.6 Axes
 - Level 2.6 Dodging


You had 2 spell levels left.
You didn't know any spells.
Your spell library was empty.

Dungeon Overview and Level Annotations

Branches:
Dungeon (3/15)              Sewer (1/1)

Altars:


Innate Abilities, Weirdness & Mutations

Your plain brown scales are hard. (AC +5)
You cannot fit into any form of body armour.
You are cold-blooded and may be slowed by cold attacks.


Message History

You closely miss the adder.
You feel sick. The adder misses you.
You completely miss the adder. You tail-slap the adder!
The adder is severely wounded.
You feel sick. The adder bites you.
You barely miss the adder.
The adder is severely wounded.
You feel sick. The adder bites you but does no damage.
You miss the adder.
The adder is severely wounded.
You feel sick. The adder barely misses you.
You closely miss the adder.
The adder is severely wounded.
You feel sick. The adder barely misses you.
You barely miss the adder.
The adder is severely wounded.
You feel sick. The adder bites you.
You are more poisoned.
The adder poisons you! The adder bites you.
You barely miss the adder.
Your tail-slap misses the adder.
The adder is severely wounded.
You are no longer berserk.
You are exhausted.
You feel yourself slow down.
* * * LOW HITPOINT WARNING * * *
You feel sick. The adder closely misses you.
You closely miss the adder.
The adder is severely wounded.
* * * LOW HITPOINT WARNING * * *
You feel very sick.
The adder bites you but does no damage. x2
It was a potion of brilliance.
You feel clever all of a sudden.
* * * LOW HITPOINT WARNING * * *
You feel sick. The adder bites you.
* * * LOW HITPOINT WARNING * * *
The adder bites you.
* * * LOW HITPOINT WARNING * * *
It was a potion of attraction.
You feel attractive to monsters.
You die...

##### ##
##...##
≈####.##.....##
≈..≈..S.......#
≈≈≈....@†∩....#
≈≈..####†.....#
≈ ###.∩### ###


You could see an adder.

Vanquished Creatures
  Jessica (D:2)
  2 ball pythons (Sewer)
  An endoplasm (D:2)
  3 giant cockroaches (D:3)
  3 hobgoblins
  4 quokkas
  2 bats
  5 kobolds
  A rat (D:2)
22 creatures vanquished.

Notes
Turn   | Place    | Note
-------+----------+-------------------------------------------
     0 | D:1      | nxtlvl the Draconian Berserker began the quest for the Orb.
     0 | D:1      | Reached XP level 1. HP: 19/19 MP: 1/1
    61 | D:2      | Noticed Jessica
    68 | D:2      | Killed Jessica
    69 | D:2      | Reached skill level 4 in Axes
    69 | D:2      | Reached XP level 2. HP: 26/26 MP: 2/2
    69 | D:2      | Reached XP level 3. HP: 31/31 MP: 3/3
   226 | D:3      | Found a glowing drain.
   257 | Sewer    | Entered a sewer
   264 | Sewer    | Reached ** piety under Trog
   273 | Sewer    | HP: 1/31 [adder (1)]
   274 | Sewer    | Succumbed to an adder's poison

Illustrated notes

Levels and vault maps discovered:
D:1:      onia_arrival_mini_maze_b, layout_basic, serial_shops,
          nicolae_shop_crystal, shop_statue
D:2:      layout_rooms, hellmonk_ecumenical_altar_arch_garden, serial_shops,
          nicolae_shop_statue_plus, uniq_terence, uniq_jessica
D:3:      layout_rooms, portal_sewer_entry_f, minmay_unequal
Sewer:    sewer_fruit_machine

Skill      XL: |  1 |
---------------+----+-----
Axes           | 4 |  4.6
Fighting       | |  3.2
Dodging        | |  2.6

Action                   || total
-------------------------++-------
Melee: War axe           ||    49
       Tailslap          ||     4
Invok: Berserk           ||     3
  Use: Potion            ||     2
Armor: Skin              ||    20
Dodge: Dodged            ||    42
